[Event "Titled Tuesday Blitz November 22 Late 2022"]
[White "Grave, Jacob Templen"]
[Black "Liu, Kelsey"]
[WhiteFideId "1542656"]
[BlackFideId "30944481"]
[WhiteElo "2126"]
[BlackElo "2277"]
[Result "1/2-1/2"]
[Round "07"]
[TimeControl "180+1"]
[Date "2022.11.23"]
[WhiteClock "0:00:03"]
[BlackClock "0:00:10"]

1. e4 c5 2. Nf3 e6 3. d4 cxd4 4. Nxd4 Nc6 5. Nc3 Nf6 6. Be3 Bb4 7. Bd3 O-O 8. O-O e5 9. Nb3 d6 10. Nd5 Nxd5 11. exd5 f5 12. dxc6 bxc6 13. a3 Ba5 14. Nxa5 Qxa5 15. Qd2 Qc7 16. Bc4+ Kh8 17. Bb3 f4 18. Rad1 fxe3 19. Qxd6 Qxd6 20. Rxd6 Ba6 21. c4 e2 22. Re1 Rab8 23. Rxc6 Bc8 24. Bc2 Rxb2 25. Rxe2 Bf5 26. Bd3 Rbb8 27. Bxf5 Rxf5 28. g4 Rg5 29. h3 h5 30. Re4 Rb3 31. Kg2 Rxa3 32. Re6 hxg4 33. hxg4 Ra5 34. Kg3 Kh7 35. f3 Rc5 36. Re1 a5 37. Rh1+ Kg8 38. Kh4 Kf7 39. Kxg5 Kxe6 40. Kg6 Rc7 41. Ra1 Rxc4 42. Rxa5 Rc3 43. Ra6+ Kd5 44. Kxg7 Rxf3 45. g5 Rg3 46. g6 Ke4 47. Ra4+ Kf5 48. Ra6 e4 49. Rf6+ Ke5 50. Kf7 e3 51. g7 Kd4 52. Re6 Kd3 53. Rg6 Rxg6 54. Kxg6 e2 55. g8=Q e1=Q 56. Qd5+ Ke2 57. Qe4+ Kf2 58. Qf4+ Ke2 59. Qe4+ Kd2 60. Qb4+ Ke2 61. Qb2+ Qd2 62. Qe5+ Qe3 63. Qh2+ Kd3 64. Qh5 Qe4+ 65. Qf5 Ke3 66. Qxe4+ Kxe4 1/2-1/2


[Site "https://www.chess.com"]

[Event "Titled Tuesday Blitz November 22 Late 2022"]
[White "Gritsenko, Nikolai"]
[Black "Kirillov, Dmitry"]
[WhiteFideId "14112493"]
[BlackFideId "34180572"]
[WhiteElo "2389"]
[BlackElo "2095"]
[Result "1-0"]
[Round "07"]
[TimeControl "180+1"]
[Date "2022.11.23"]
[WhiteClock "0:00:23"]
[BlackClock "0:00:03"]

1. b3 e5 2. Bb2 d6 3. c4 Nf6 4. e3 Be7 5. Nf3 c6 6. Nc3 O-O 7. Be2 h6 8. d3 Bf5 9. O-O Re8 10. h3 Bf8 11. Re1 d5 12. cxd5 cxd5 13. d4 e4 14. Ne5 Nbd7 15. Rc1 a6 16. Nxd7 Bxd7 17. Na4 Bxa4 18. bxa4 Qd7 19. Qb3 Rac8 20. Rxc8 Rxc8 21. Rc1 Rxc1+ 22. Bxc1 Qc6 23. Bd2 Ne8 24. f3 Nd6 25. Bb4 f5 26. Kf2 Be7 27. g4 g6 28. Bc5 Bh4+ 29. Kg2 Nf7 30. a5 Qc7 31. f4 Qc6 32. Qb6 Qa4 33. Qxg6+ 1-0


[Site "https://www.chess.com"]

[Event "Titled Tuesday Blitz November 22 Late 2022"]
[White "Gundam, Rohit"]
[Black "Ardila, Oscar Humberto"]
[WhiteFideId "75002809"]
[BlackFideId "4404742"]
[WhiteElo "2391"]
[BlackElo "1959"]
[Result "1-0"]
[Round "07"]
[TimeControl "180+1"]
[Date "2022.11.23"]
[WhiteClock "0:00:12"]
[BlackClock "0:00:05"]

1. d4 Nf6 2. Nf3 e6 3. c4 Bb4+ 4. Bd2 Qe7 5. g3 O-O 6. Bg2 Na6 7. Nc3 d6 8. O-O c5 9. Rc1 Bd7 10. dxc5 Nxc5 11. Nd4 a6 12. a3 Bxc3 13. Bxc3 Rac8 14. b4 Nce4 15. Bb2 e5 16. Nc2 Ba4 17. Qd3 Ng5 18. Ne3 g6 19. f4 exf4 20. Rxf4 Nh5 21. Rd4 Rfe8 22. Rc3 Bc6 23. Nd5 Qxe2 24. Qxe2 Rxe2 25. Bc1 Bxd5 26. Rxd5 Ne4 27. Re3 Rxe3 28. Bxe3 Rxc4 29. b5 Nhf6 30. bxa6 bxa6 31. Ra5 Rc3 32. Bh6 Rc6 33. Bxe4 Nxe4 34. Rd5 f6 35. Rd3 Kf7 36. Bf4 Ke6 37. Kg2 d5 38. Re3 Rc2+ 39. Kh3 Rc3 40. Re2 Rxa3 41. Bb8 f5 42. Rc2 d4 43. Rc6+ Kd5 44. Rc7 d3 45. Rd7+ Kc4 46. Rc7+ Kd4 47. Ba7+ Ke5 48. Re7+ Kf6 49. Rd7 Ng5+ 50. Kg2 Ra2+ 51. Kf1 Ne4 52. Rxd3 Kg5 53. Be3+ Kg4 54. Bf4 Kh3 55. Rd7 h5 56. Rg7 Ra1+ 57. Ke2 Ra2+ 58. Kd3 Rxh2 59. Rxg6 a5 60. Rh6 Kg4 61. Ra6 h4 62. Rg6+ Kf3 63. gxh4 Kxf4 64. Ra6 Rh3+ 65. Kd4 Rxh4 66. Rxa5 Rh3 67. Ra8 Rh2 68. Rg8 Rd2+ 69. Kc4 Rd7 70. Rg6 Ke5 71. Kb3 1-0


[Site "https://www.chess.com"]

[Event "Titled Tuesday Blitz November 22 Late 2022"]
[White "Guzman, Christopher"]
[Black "Aguilar, Juan"]
[WhiteFideId "6405096"]
[BlackFideId "3800091"]
[WhiteElo "2272"]
[BlackElo "2493"]
[Result "1-0"]
[Round "07"]
[TimeControl "180+1"]
[Date "2022.11.23"]
[WhiteClock "0:00:31"]
[BlackClock "0:00:02"]

1. e4 c5 2. Nf3 d6 3. d4 cxd4 4. Nxd4 Nf6 5. Nc3 a6 6. h4 e5 7. Nb3 Be6 8. f4 exf4 9. Bxf4 Nc6 10. Qd2 Nh5 11. Bg5 Be7 12. O-O-O Ng3 13. Rg1 O-O 14. Kb1 a5 15. Bb5 a4 16. Bxa4 Nxe4 17. Nxe4 Rxa4 18. Nxd6 Qa8 19. a3 f6 20. Bf4 Bxd6 21. Qxd6 Bg4 22. Rdf1 Rd8 23. Qc5 Be6 24. Bc1 Rc4 25. Qb6 Bf7 26. g4 Bg6 27. Rf2 Ne5 28. h5 Rc6 29. Qb4 Bf7 30. g5 Qa7 31. Rff1 Rc4 32. Qe1 Qb6 33. gxf6 Rg4 34. Rxg4 Nxg4 35. fxg7 Qe6 36. Qxe6 Bxe6 37. h6 Nxh6 38. Bxh6 Bf7 39. Nc5 Rd6 40. Rh1 Bd5 41. Rh4 Rf6 42. b4 b5 43. Kb2 Bf3 44. Nd3 Be2 45. Nf4 Bc4 46. Nd3 Re6 47. Nc5 Rd6 48. a4 bxa4 49. Nxa4 Bf7 50. Nc5 Bg6 51. Kc3 Rf6 52. Rf4 Rd6 53. Rf8# 1-0


[Site "https://www.chess.com"]

[Event "Titled Tuesday Blitz November 22 Late 2022"]
[White "Ibarra Jerez, Jose Carlos"]
[Black "Ghazarian, Kirk"]
[WhiteFideId "2226332"]
[BlackFideId "30908604"]
[WhiteElo "2638"]
[BlackElo "2346"]
[Result "1/2-1/2"]
[Round "07"]
[TimeControl "180+1"]
[Date "2022.11.22"]
[WhiteClock "0:00:03"]
[BlackClock "0:00:06"]

1. Nf3 d5 2. g3 Nd7 3. c4 dxc4 4. Qa4 Nf6 5. Bg2 g6 6. Qxc4 Bg7 7. d4 O-O 8. O-O Nb6 9. Qb3 Be6 10. Qa3 Nc4 11. Qc3 Nd6 12. Nbd2 Nfe4 13. Nxe4 Nxe4 14. Qc2 Bd5 15. Ne5 Nf6 16. e4 Be6 17. d5 Bd7 18. Rd1 Ng4 19. Nc6 Qe8 20. Na5 b6 21. Nc6 Bxc6 22. dxc6 Ne5 23. f4 Qxc6 24. Qe2 Qc4 25. Bf1 Qxe2 26. Bxe2 Nc6 27. Rd7 Rfd8 28. Rxc7 Rac8 29. Rxc8 Rxc8 30. e5 f6 31. Bg4 Rd8 32. exf6 Bxf6 33. Rb1 Kg7 34. Be3 Bd4 35. Kf2 Nb4 36. Bxd4+ Rxd4 37. a3 Nd5 38. Ke2 e5 39. Rc1 exf4 40. gxf4 Rxf4 41. Bf3 Rf5 42. Bxd5 Rxd5 43. Rc7+ Kh6 44. Rxa7 Rh5 45. b4 Rxh2+ 46. Kd3 b5 47. Ra5 g5 48. Ke4 Rh3 49. Kf5 Rf3+ 50. Kg4 Rf4+ 51. Kg3 Rc4 52. Rxb5 Rc3+ 53. Kg4 Rxa3 54. Rb6+ Kg7 55. Kxg5 Rb3 56. Rb7+ Kf8 57. Kf6 Ke8 58. Ke6 Kd8 59. Kd6 Kc8 60. Rb5 h5 61. Kc6 Rc3+ 62. Kb6 h4 63. Rh5 h3 64. Rh8+ Kd7 65. b5 Rb3 66. Ka6 Kd6 67. Rh6+ Ke5 68. b6 Kf4 69. b7 Rxb7 70. Kxb7 Kg3 71. Kc6 h2 72. Rg6+ Kf2 73. Rh6 Kg2 74. Rxh2+ Kxh2 1/2-1/2


[Site "https://www.chess.com"]

[Event "Titled Tuesday Blitz November 22 Late 2022"]
[White "Ivic, Velimir"]
[Black "Caruana, Fabiano"]
[WhiteFideId "950122"]
[BlackFideId "2020009"]
[WhiteElo "2625"]
[BlackElo "2847"]
[Result "0-1"]
[Round "07"]
[TimeControl "180+1"]
[Date "2022.11.22"]
[WhiteClock "0:00:01"]
[BlackClock "0:00:28"]

1. d4 Nf6 2. c4 d6 3. Nc3 g6 4. e4 Bg7 5. Be2 Nbd7 6. Be3 e5 7. d5 a5 8. h4 Nc5 9. Qc2 Ng4 10. Bd2 f5 11. Bxg4 fxg4 12. h5 Bd7 13. Nge2 Qf6 14. Be3 b6 15. O-O-O h6 16. Ng3 g5 17. Rdf1 O-O 18. f3 Qe7 19. Nf5 Bxf5 20. exf5 gxf3 21. Bxc5 fxg2 22. Qxg2 bxc5 23. Ne4 Rab8 24. Qc2 Bf6 25. Rh3 Kg7 26. Rb3 Qf7 27. Qe2 Rxb3 28. axb3 Qd7 29. Kc2 a4 30. Ra1 axb3+ 31. Kxb3 Qxf5 32. Rf1 Qh3+ 33. Kc2 Be7 34. Rxf8 Bxf8 35. Qf2 Be7 36. Ng3 Kg8 37. Nf5 Bf8 38. Ng3 Qg4 39. Qf6 Qxg3 40. Qg6+ Kh8 41. Qf7 Qf4 0-1


[Site "https://www.chess.com"]

[Event "Titled Tuesday Blitz November 22 Late 2022"]
[White "Janaszak, Dawid"]
[Black "Zhu, Jiner"]
[WhiteFideId "1119206"]
[BlackFideId "8608059"]
[WhiteElo "2226"]
[BlackElo "2384"]
[Result "0-1"]
[Round "07"]
[TimeControl "180+1"]
[Date "2022.11.23"]
[WhiteClock "0:00:14"]
[BlackClock "0:00:16"]

1. e4 e5 2. Nf3 Nc6 3. d4 exd4 4. Nxd4 Nf6 5. Nxc6 bxc6 6. e5 Qe7 7. Qe2 Nd5 8. h4 d6 9. c4 Ba6 10. Bg5 f6 11. exf6 Nxf6 12. Nd2 O-O-O 13. O-O-O h6 14. Be3 Kb8 15. Qd3 d5 16. Qb3+ Qb4 17. c5 Qxb3 18. Nxb3 Bc8 19. Bd4 Be7 20. Re1 Rhe8 21. Bd3 Bf8 22. Bg6 Rxe1+ 23. Rxe1 Bd7 24. f3 Kc8 25. Kd2 Ng8 26. g4 Ne7 27. Bf7 Be8 28. Be6+ Bd7 29. Bf7 Be8 30. Bxe8 Rxe8 31. Bc3 Kd7 32. Nd4 Ng6 33. Rxe8 Kxe8 34. h5 Ne5 35. b4 Kd7 36. Ke2 Be7 37. Nf5 Bf6 38. Bd4 Ke6 39. a3 Nc4 40. a4 Ne5 41. Kd2 Nxf3+ 42. Kd3 Nxd4 43. Nxd4+ Bxd4 44. Kxd4 a6 45. Kd3 Ke5 46. Ke3 d4+ 47. Kd2 Ke4 48. b5 cxb5 0-1


[Site "https://www.chess.com"]

[Event "Titled Tuesday Blitz November 22 Late 2022"]
[White "Javakhadze, Zurab"]
[Black "Rustemov, Alexander"]
[WhiteFideId "13603647"]
[BlackFideId "4119002"]
[WhiteElo "2381"]
[BlackElo "2880"]
[Result "1/2-1/2"]
[Round "07"]
[TimeControl "180+1"]
[Date "2022.11.22"]
[WhiteClock "0:00:07"]
[BlackClock "0:00:04"]

1. Nf3 d5 2. g3 Nf6 3. Bg2 Bf5 4. O-O e6 5. d3 h6 6. c4 c6 7. Be3 dxc4 8. dxc4 Qxd1 9. Rxd1 Nbd7 10. Nc3 Bc5 11. Bxc5 Nxc5 12. Nd4 O-O 13. Nxf5 exf5 14. b4 Nce4 15. Nxe4 fxe4 16. Rd4 Rfe8 17. Rad1 h5 18. h3 g6 19. e3 Kf8 20. Kf1 a5 21. b5 cxb5 22. cxb5 Rac8 23. Rd6 Re6 24. Rxe6 fxe6 25. Ke1 Ke7 26. Kd2 Rc5 27. a4 Rc4 28. Rc1 Rxa4 29. Rc7+ Kd6 30. Rxb7 Ra2+ 31. Ke1 a4 32. Bf1 Kc5 33. Rc7+ Kb6 34. Rc6+ Kb7 35. Bc4 Rc2 36. Kd1 Rxf2 37. Rxe6 a3 38. Ra6 Rf3 39. Ke2 g5 40. Bb3 h4 41. gxh4 gxh4 42. Be6 Rg3 43. Rxa3 Rg2+ 44. Kf1 Rb2 45. Bc4 Nh5 46. Ra6 Ng3+ 47. Ke1 Nf5 48. Bd5+ Kc7 49. Rc6+ Kd8 50. b6 Nxe3 51. Bxe4 Rb4 52. Bf3 Nc4 53. b7 Ne5 54. Rc8+ Kd7 55. Bd5 Kd6 56. Rd8+ Kc5 57. b8=Q Rxb8 58. Rxb8 Kxd5 59. Rh8 Ke4 60. Rxh4+ Kf3 61. Rh5 Nd3+ 62. Kf1 Kg3 63. Rd5 Nf4 64. Rd4 Nxh3 65. Rd3+ Kg4 66. Ra3 Nf4 67. Ra4 Kf5 68. Kf2 Ne6 69. Kf3 Ke5 70. Ra5+ Kd4 71. Ra6 Nc5 72. Kf4 Nxa6 1/2-1/2


[Site "https://www.chess.com"]

[Event "Titled Tuesday Blitz November 22 Late 2022"]
[White "Jeet, Jain"]
[Black "Cardoso Cardoso, Jose Gabriel"]
[WhiteFideId "5073022"]
[BlackFideId "4430492"]
[WhiteElo "2067"]
[BlackElo "2484"]
[Result "0-1"]
[Round "07"]
[TimeControl "180+1"]
[Date "2022.11.23"]
[WhiteClock "0:00:15"]
[BlackClock "0:00:21"]

1. d4 g6 2. Nf3 Bg7 3. c4 d6 4. Nc3 Nf6 5. e4 O-O 6. Be2 Na6 7. O-O c6 8. h3 e5 9. dxe5 dxe5 10. Qxd8 Rxd8 11. Bg5 Re8 12. Rad1 Nc5 13. Bxf6 Bxf6 14. b4 Ne6 15. c5 a5 16. a3 axb4 17. axb4 Ra3 18. Rc1 Nd4 19. Rfe1 Be6 20. b5 Rea8 21. bxc6 bxc6 22. Nb1 Ra1 23. Kh2 R8a2 24. Nc3 Rxc1 25. Rxc1 Rb2 26. Ng1 Nb3 27. Rb1 Rxb1 28. Nxb1 Nxc5 29. f3 Bd8 30. Bd1 Ba5 31. Ne2 Nb3 32. Kg1 Kf8 33. Kf2 Nd4 34. Nec3 f5 35. Ba4 f4 36. h4 Ke7 37. g3 Bb6 38. gxf4 exf4 39. Kg2 Kd6 40. Nd2 Ba5 41. Ncb1 Bd8 42. h5 gxh5 43. Na3 Kc5 44. Nc2 h4 45. e5 Nxc2 46. Bxc2 Kd4 0-1


[Site "https://www.chess.com"]

[Event "Titled Tuesday Blitz November 22 Late 2022"]
[White "Jobava, Baadur"]
[Black "Kollars, Dmitrij"]
[WhiteFideId "13601520"]
[BlackFideId "12909572"]
[WhiteElo "2582"]
[BlackElo "2584"]
[Result "1-0"]
[Round "07"]
[TimeControl "180+1"]
[Date "2022.11.22"]
[WhiteClock "0:00:41"]
[BlackClock "0:00:02"]

1. e4 c5 2. Nf3 Nc6 3. d4 cxd4 4. Nxd4 Nf6 5. Nc3 d6 6. Bg5 e6 7. Qd2 a6 8. O-O-O Bd7 9. Kb1 Be7 10. f3 Nxd4 11. Qxd4 Qc7 12. Qd2 b5 13. Bd3 b4 14. Ne2 a5 15. h4 h6 16. Be3 h5 17. Bg5 a4 18. Nd4 Qb6 19. Be3 Qb7 20. Bg5 O-O 21. g4 hxg4 22. h5 e5 23. Nf5 Bxf5 24. exf5 b3 25. cxb3 axb3 26. a3 e4 27. h6 g6 28. Bxf6 Bxf6 29. Bxe4 Qb5 30. fxg6 fxg6 31. Qd5+ Qxd5 32. Bxd5+ Kh7 33. Bxa8 Rxa8 34. Rxd6 Be5 35. Rd7+ Kh8 36. fxg4 Rf8 37. Rhd1 Rf2 38. R7d2 Rf4 39. g5 Re4 40. Rd8+ 1-0


[Site "https://www.chess.com"]

[Event "Titled Tuesday Blitz November 22 Late 2022"]
[White "Kamsky, Gata"]
[Black "Araujo Sanchez, Josue"]
[WhiteFideId "2000024"]
[BlackFideId "6416896"]
[WhiteElo "2666"]
[BlackElo "2370"]
[Result "1-0"]
[Round "07"]
[TimeControl "180+1"]
[Date "2022.11.22"]
[WhiteClock "0:00:14"]
[BlackClock "0:00:32"]

1. e4 c5 2. Nf3 d6 3. d4 cxd4 4. Nxd4 Nf6 5. Nc3 a6 6. a4 e5 7. Nf3 Qc7 8. Bg5 Nbd7 9. Nd2 Be7 10. Nc4 b6 11. Ne3 h6 12. Bxf6 Nxf6 13. Ncd5 Nxd5 14. Nxd5 Qd8 15. Bc4 O-O 16. O-O Bb7 17. Qd3 Bxd5 18. Bxd5 Ra7 19. g3 Kh8 20. Kg2 Qc8 21. c3 Bd8 22. h4 Qg4 23. Qf3 Qxf3+ 24. Kxf3 h5 25. Rfd1 g6 26. Bc4 Be7 27. a5 b5 28. Bd5 Rc7 29. Ke2 Kg7 30. Rh1 Rb8 31. Kd3 b4 32. Rhc1 Bd8 33. b3 Rxc3+ 34. Rxc3 bxc3 35. Kxc3 Rc8+ 36. Kd3 Rb8 37. Bc4 f5 38. f3 Kf6 39. Kc3 Rc8 40. b4 g5 41. hxg5+ Kxg5 42. Kb3 Ra8 43. Bd3 f4 44. gxf4+ Kxf4 45. Rc1 Kxf3 46. Rc6 Ke3 47. Bxa6 Kxe4 48. Bb7 Rb8 49. a6 1-0


[Site "https://www.chess.com"]

[Event "Titled Tuesday Blitz November 22 Late 2022"]
[White "Kaplan, Avi Harrison"]
[Black "Principe, Gerson"]
[WhiteFideId "30934559"]
[BlackFideId "3804550"]
[WhiteElo "1983"]
[BlackElo "2280"]
[Result "1-0"]
[Round "07"]
[TimeControl "180+1"]
[Date "2022.11.23"]
[WhiteClock "0:00:32"]
[BlackClock "0:00:14"]

1. d4 Nf6 2. c4 e6 3. Nc3 Bb4 4. Bd2 O-O 5. Nf3 b6 6. e3 Bb7 7. Bd3 Bxc3 8. Bxc3 Ne4 9. Bxe4 Bxe4 10. d5 f6 11. Nd2 Bg6 12. h4 Bf7 13. h5 exd5 14. h6 g6 15. Qf3 Nc6 16. Bxf6 Qe8 17. cxd5 Ne5 18. Qe4 d6 19. Bg7 Qd7 20. Bxf8 Rxf8 21. O-O Qb5 22. f4 Ng4 23. f5 Ne5 24. fxg6 hxg6 25. h7+ Kxh7 26. Qh4+ Kg8 27. Ne4 Bxd5 28. Rxf8+ Kxf8 29. Qd8+ Qe8 30. Qxe8+ Kxe8 31. Nf6+ Kd8 32. Nxd5 1-0


[Site "https://www.chess.com"]

[Event "Titled Tuesday Blitz November 22 Late 2022"]
[White "Khandelwal, Ankush"]
[Black "Bobadilla Viera, Jorge Samuel"]
[WhiteFideId "413470"]
[BlackFideId "3906353"]
[WhiteElo "2271"]
[BlackElo "2212"]
[Result "1-0"]
[Round "07"]
[TimeControl "180+1"]
[Date "2022.11.23"]
[WhiteClock "0:01:12"]
[BlackClock "0:02:28"]

1. e4 c5 2. Nf3 d6 3. d4 cxd4 4. Nxd4 Nf6 5. Nc3 a6 6. f3 e5 7. Nb3 Be6 8. Be3 Be7 9. Qd2 O-O 10. O-O-O a5 11. a4 Nc6 12. g4 Nb4 13. Kb1 d5 14. g5 Ne8 15. Nxd5 Nxd5 16. exd5 Bd7 17. d6 Bxd6 18. Bc5 Bxc5 19. Nxc5 Qc7 20. Nxd7 Rd8 21. Bb5 1-0


[Site "https://www.chess.com"]

[Event "Titled Tuesday Blitz November 22 Late 2022"]
[White "Klenburg, Michael"]
[Black "Arngrimsson, Dagur"]
[WhiteFideId "14102072"]
[BlackFideId "2301288"]
[WhiteElo "2405"]
[BlackElo "2286"]
[Result "1-0"]
[Round "07"]
[TimeControl "180+1"]
[Date "2022.11.23"]
[WhiteClock "0:00:16"]
[BlackClock "0:00:18"]

1. g3 d5 2. Bg2 Nf6 3. d3 e5 4. Nf3 Nbd7 5. O-O Bd6 6. c4 c6 7. cxd5 cxd5 8. Nc3 O-O 9. a3 a5 10. Nb5 Bb8 11. d4 e4 12. Ne1 b6 13. Nc2 Ba6 14. a4 Bxb5 15. axb5 Re8 16. Ne3 Nf8 17. b4 Bc7 18. bxa5 bxa5 19. Qa4 Ne6 20. Bb2 Bb6 21. Rac1 Qd6 22. Ba3 Qd8 23. Rfd1 Rc8 24. Rc6 Rxc6 25. bxc6 Qc7 26. Nf5 g6 27. Bd6 Qa7 28. Be5 gxf5 29. Bxf6 Bd8 30. Be5 Bc7 31. e3 Rb8 32. Rc1 Rc8 33. Bh3 Bxe5 34. dxe5 d4 35. Bxf5 dxe3 36. Qxe4 exf2+ 37. Kg2 Rd8 38. Qg4+ Kf8 39. Bxe6 fxe6 40. c7 f1=Q+ 41. Rxf1+ Ke8 42. cxd8=Q+ Kxd8 43. Qg8+ Kc7 44. Rf7+ Kb6 45. Rxa7 Kxa7 46. Qxe6 1-0


[Site "https://www.chess.com"]

[Event "Titled Tuesday Blitz November 22 Late 2022"]
[White "Kopylov, Alexander A."]
[Black "Trent, Lawrence"]
[WhiteFideId "4164857"]
[BlackFideId "408638"]
[WhiteElo "2436"]
[BlackElo "2458"]
[Result "1-0"]
[Round "07"]
[TimeControl "180+1"]
[Date "2022.11.23"]
[WhiteClock "0:02:13"]
[BlackClock "0:02:51"]

1. e4 e5 2. Nf3 Nc6 3. Nc3 Nf6 4. h3 Bc5 5. Nxe5 Nxe5 6. d4 Bd6 7. dxe5 Bxe5 8. Bd3 O-O 9. O-O Re8 10. Ne2 c6 11. f4 Bc7 12. e5 Nd5 13. c4 Bb6+ 14. Kh2 Ne3 15. Bxe3 Bxe3 16. Bxh7+ Kh8 17. Bc2 Bc5 18. Ng3 Qh4 19. Nf5 Qd8 1-0


[Site "https://www.chess.com"]

[Event "Titled Tuesday Blitz November 22 Late 2022"]
[White "Kovacevic, Radmila"]
[Black "Filgueira, Hernan"]
[WhiteFideId "933171"]
[BlackFideId "101770"]
[WhiteElo "2208"]
[BlackElo "2363"]
[Result "0-1"]
[Round "07"]
[TimeControl "180+1"]
[Date "2022.11.23"]
[WhiteClock "0:01:04"]
[BlackClock "0:01:44"]

1. e4 d5 2. exd5 Qxd5 3. Nf3 Bg4 4. Be2 Bxf3 5. Bxf3 Qe6+ 6. Be2 Nc6 7. O-O Nf6 8. c3 Qd6 9. b4 a6 10. h3 e5 11. f4 e4 12. d4 exd3 13. Bxd3 O-O-O 14. Bf5+ Kb8 15. Qa4 Be7 16. Na3 Nd5 17. Rf3 Qf6 18. Be4 Nxc3 19. Qc2 Nxe4 20. Bb2 Nd4 0-1


[Site "https://www.chess.com"]

[Event "Titled Tuesday Blitz November 22 Late 2022"]
[White "Lopez Gracia, Fernando"]
[Black "Rodriguez Santiago, Jaime"]
[WhiteFideId "2207184"]
[BlackFideId "3100898"]
[WhiteElo "2439"]
[BlackElo "2025"]
[Result "1-0"]
[Round "07"]
[TimeControl "180+1"]
[Date "2022.11.23"]
[WhiteClock "0:00:20"]
[BlackClock "0:00:12"]

1. c4 e5 2. Nc3 Nf6 3. g3 Nc6 4. Bg2 Bb4 5. Nf3 Bxc3 6. dxc3 O-O 7. O-O d6 8. Qc2 Re8 9. Nd2 a5 10. b3 a4 11. Ba3 g6 12. Rfd1 Bd7 13. Ne4 Nxe4 14. Bxe4 f5 15. Bd5+ Kh8 16. c5 dxc5 17. Bxc5 Qf6 18. Bf3 axb3 19. axb3 Rxa1 20. Rxa1 e4 21. Bg2 b6 22. Be3 Kg8 23. Rd1 Be6 24. f3 Qf7 25. c4 exf3 26. Bxf3 Ne5 27. Bg2 Ng4 28. Bf4 Qe7 29. Qd3 Qc5+ 30. Qd4 Qe7 31. h3 c5 32. Qc3 g5 33. Bd6 Qf6 34. Qf3 Ne5 35. Qb7 Nf7 36. Bc7 f4 37. Qxb6 fxg3 38. Rf1 Qd4+ 39. Kh1 g4 40. Qc6 Re7 41. hxg4 Bxg4 42. Bxg3 Bxe2 43. Qc8+ Kg7 44. Re1 Bg4 45. Qb8 Rxe1+ 46. Bxe1 Qd1 47. Qg3 Qe2 48. Bf2 h5 49. Kh2 Ng5 50. Kg1 Nf3+ 51. Bxf3 Qxf3 52. Qxf3 Bxf3 53. Bxc5 Kf6 54. Bd4+ Ke6 55. Kf2 Kd7 56. Kxf3 Kc6 57. b4 h4 58. Kg4 Kb7 59. Kxh4 Ka6 60. Kg4 1-0


[Site "https://www.chess.com"]

[Event "Titled Tuesday Blitz November 22 Late 2022"]
[White "Lopez Mulet, Inigo"]
[Black "Goryachkina, Aleksandra"]
[WhiteFideId "22235620"]
[BlackFideId "4147103"]
[WhiteElo "2289"]
[BlackElo "2484"]
[Result "1-0"]
[Round "07"]
[TimeControl "180+1"]
[Date "2022.11.23"]
[WhiteClock "0:00:12"]
[BlackClock "0:00:02"]

1. d4 Nf6 2. c4 e6 3. g3 c5 4. d5 exd5 5. cxd5 d6 6. Nc3 g6 7. Bg2 Bg7 8. Nf3 O-O 9. O-O Re8 10. Re1 Bf5 11. Nh4 Bg4 12. h3 Bd7 13. Bf4 Bf8 14. e4 b5 15. e5 Nh5 16. Nf3 Nxf4 17. gxf4 Bg7 18. e6 fxe6 19. dxe6 Bc6 20. Nd5 Na6 21. Ng5 Bxd5 22. Qxd5 Qe7 23. Nf7 Rad8 24. Nxd8 Rxd8 25. Rad1 Nc7 26. Qc6 Bd4 27. b3 Kg7 28. a4 b4 29. a5 Rf8 30. Re4 d5 31. Rexd4 cxd4 32. Bxd5 Nxd5 33. Qxd5 Rd8 34. Qe5+ Qf6 35. e7 Re8 36. Rxd4 Qxe5 37. fxe5 Rxe7 38. Rxb4 Kf7 39. f4 Ke6 40. Kf2 g5 41. Kf3 gxf4 42. Kxf4 Rf7+ 43. Ke4 Rf1 44. Rb5 Re1+ 45. Kd4 Rd1+ 46. Kc5 Rd3 47. Kc6 Rxh3 48. Kb7 Rd3 49. Kxa7 h6 50. b4 h5 51. Rb6+ Kf5 52. Rh6 Kg5 53. Rh8 h4 54. e6 Re3 55. b5 Rxe6 56. b6 Rh6 57. Rg8+ Kf5 58. b7 1-0


[Site "https://www.chess.com"]

[Event "Titled Tuesday Blitz November 22 Late 2022"]
[White "Marcolino, Daniel Mattos"]
[Black "Rose, Felix"]
[WhiteFideId "2106841"]
[BlackFideId "5105722"]
[WhiteElo "2095"]
[BlackElo "2039"]
[Result "0-1"]
[Round "07"]
[TimeControl "180+1"]
[Date "2022.11.23"]
[WhiteClock "0:00:05"]
[BlackClock "0:00:12"]

1. d4 d5 2. Nf3 Nf6 3. g3 e6 4. Bg2 Be7 5. O-O O-O 6. c4 dxc4 7. Qc2 a6 8. a4 Bd7 9. Qxc4 Bc6 10. Bg5 Nbd7 11. Nc3 h6 12. Bxf6 Nxf6 13. Rfd1 Qe8 14. Ne5 Bxg2 15. Kxg2 Rc8 16. Qb3 Rb8 17. Rac1 c5 18. dxc5 Bxc5 19. e3 Qe7 20. Nc4 b5 21. axb5 axb5 22. Ne5 Qb7+ 23. Kg1 b4 24. Na4 Be7 25. Nc6 Rbc8 26. Nxe7+ Qxe7 27. Nb6 Rb8 28. Nc4 h5 29. Rd4 Rfc8 30. Rcd1 Ng4 31. Rd7 Qf6 32. R1d2 Ra8 33. Kg2 Rxc4 34. Qxc4 Ne5 35. Qc7 Qf3+ 36. Kg1 Ra1+ 37. Rd1 Rxd1+ 38. Rxd1 Qxd1+ 39. Kg2 Qf3+ 40. Kg1 Ng4 41. Qd8+ Kh7 42. Qd3+ g6 43. Qc2 b3 44. Qd2 Qf5 45. h3 Ne5 46. Qc3 Qb1+ 47. Kg2 Qe4+ 48. Kg1 Nf3+ 49. Kf1 Qb1+ 50. Kg2 Ne1+ 51. Kh2 Nd3 52. Qf6 Kg8 53. Qd8+ Kg7 54. Qd4+ e5 55. Qd7 Nxf2 56. Kg2 Qxb2 57. Kf3 Nd3 58. Qe7 Qf2+ 59. Ke4 Ne1 60. Qxe5+ Qf6 61. Qb8 Qf5+ 62. Kd4 Nf3+ 63. Kc4 Qc2+ 64. Kb4 b2 0-1


[Site "https://www.chess.com"]

[Event "Titled Tuesday Blitz November 22 Late 2022"]
[White "Martinez Alcantara, Jose Eduardo"]
[Black "Naroditsky, Daniel"]
[WhiteFideId "3805662"]
[BlackFideId "2026961"]
[WhiteElo "2705"]
[BlackElo "2628"]
[Result "1/2-1/2"]
[Round "07"]
[TimeControl "180+1"]
[Date "2022.11.22"]
[WhiteClock "0:00:10"]
[BlackClock "0:00:03"]

1. e4 c6 2. d4 d5 3. e5 c5 4. dxc5 e6 5. Qg4 Nd7 6. Bb5 Qc7 7. Be3 Qxe5 8. Nc3 Nf6 9. Qa4 Qc7 10. b4 Be7 11. Nge2 O-O 12. O-O e5 13. Bg5 d4 14. Ne4 Nxe4 15. Bxe7 Nb6 16. cxb6 Qxe7 17. bxa7 b6 18. Bc6 Rxa7 19. Qb5 Ba6 20. Qxb6 Bxe2 21. Bxe4 Bxf1 22. Kxf1 Ra3 23. Bd5 g6 24. Re1 Re8 25. g3 Kg7 26. Kg2 Qf6 27. Qb5 Rc8 28. Bb3 Qc6+ 29. Qxc6 Rxc6 30. Rxe5 Rb6 31. Re7 Rxb4 32. Rxf7+ Kh8 33. Rf8+ Kg7 34. Rf7+ Kh8 35. Rd7 Ra8 36. h4 Rc8 37. Rd5 Ra8 38. h5 Kg7 39. Rd7+ Kh6 40. hxg6 hxg6 41. Rd6 Kg7 42. Rd7+ Kh6 43. f4 Ra6 44. Kf3 g5 45. Ke4 gxf4 46. gxf4 d3+ 47. Kxd3 Rxf4 48. Kc3 Kg6 49. a4 Kf6 50. Rf7+ Ke5 51. Rh7 Rc6+ 52. Kb2 Kd6 53. Rh5 Rf6 54. Rd5+ Kc7 55. Rh5 Kd6 56. Rd5+ Kc7 57. Rg5 Kd6 58. Rd5+ 1/2-1/2


[Site "https://www.chess.com"]

[Event "Titled Tuesday Blitz November 22 Late 2022"]
[White "Melkumyan, Hrant"]
[Black "Bortnyk, Olexandr"]
[WhiteFideId "13302485"]
[BlackFideId "14120828"]
[WhiteElo "2604"]
[BlackElo "2723"]
[Result "1/2-1/2"]
[Round "07"]
[TimeControl "180+1"]
[Date "2022.11.22"]
[WhiteClock "0:00:10"]
[BlackClock "0:00:03"]

1. d4 d6 2. c4 e5 3. Nc3 exd4 4. Qxd4 Nc6 5. Qd2 g6 6. b3 Bg7 7. Bb2 Nf6 8. g3 O-O 9. Bg2 Re8 10. Nh3 d5 11. cxd5 Bxh3 12. Bxh3 Nxd5 13. Nxd5 Bxb2 14. Rd1 Nd4 15. Qxb2 Qxd5 16. O-O Rad8 17. Bg2 Qe5 18. Kh1 Qxe2 19. Rd2 Qe5 20. Rfd1 c5 21. Bxb7 Qh5 22. Bg2 Nf3 23. Bxf3 Qxf3+ 24. Kg1 Rxd2 25. Qxd2 Re2 26. Qd8+ Kg7 27. Rf1 Rxa2 28. Qd6 Qc3 29. Qc7 a5 30. h4 h5 31. Qf4 Qxb3 32. Qe5+ Kh7 33. Qxc5 a4 34. Re1 a3 35. Qd4 Qb2 36. Qa7 Kg7 37. Re7 Ra1+ 38. Kh2 Qf6 39. Re2 Kh7 40. Re7 Kg8 41. Re8+ Kg7 42. Re2 Kh7 43. Re7 Kg8 44. Re8+ Kg7 45. Re2 1/2-1/2


[Site "https://www.chess.com"]